 Dungeon Crawl Stone Soup version 0.25-a0-719-gde951dce62 (webtiles) character file.

Game seed: 8250073502546279500, levelgen mode: deterministic

51 kae the Ruffian (level 3, 0/28 HPs)
             Began as a Draconian Transmuter on Apr 6, 2020.
             Succumbed to an adder's poison
             ... on level 2 of the Dungeon.
             The game lasted 00:00:57 (1257 turns).

kae the Ruffian (Draconian Transmuter)              Turns: 1257, Time: 00:00:58

Health: 0/28       AC:  5    Str: 12 (13) XL:     3   Next: 58%
Magic:  6/6        EV: 12    Int: 11 (13) God:
Gold:   82         SH:  0    Dex:  9 (11) Spells: 6/7 levels left

rFire    . . .     SeeInvis .   f - +2 short sword (speed)
rCold    . . .     Gourm    .   (no shield)
rNeg     . . .     Faith    .   (armour unavailable)
rPois    .         Spirit   .   (helmet restricted)
rElec    .         Reflect  .   (no cloak)
rCorr    .         Harm     .   (no gloves)
MR       .....                  (no boots)
Stlth    +.........             (no amulet)
HPRegen  0.09/turn              (no ring)
MPRegen  0.10/turn              (no ring)

@: lethally poisoned (0 -> -5)
A: unfitting armour, cold-blooded, AC +5
a: no special abilities


You were on level 2 of the Dungeon.
You were hungry.

You visited 1 branch of the dungeon, and saw 2 of its levels.

You collected 82 gold pieces.

Inventory:

Hand Weapons
 f - a +2 short sword of speed (weapon)
Missiles
 a - 12 arrows
Scrolls
 b - a scroll of identify {unknown}
Comestibles
 c - 4 rations
 d - 2 chunks of flesh


   Skills:
 - Level 1.1 Fighting
 - Level 1.7 Dodging
 * Level 3.9 Unarmed Combat
 + Level 2.5 Spellcasting
 + Level 2.6 Transmutations


You had 6 spell levels left.
You knew the following spells:

 Your Spells              Type           Power        Failure   Level  Hunger
a - Beastly Appendage     Tmut           #.....       10%         1    ##.....

Your spell library contained the following spells:

 Spells                   Type           Power        Failure   Level  Hunger
 Sticks to Snakes         Tmut           #.......     14%         2    ###....
 Spider Form              Tmut/Pois      #.........   43%         3    ####...
 Ice Form                 Ice/Tmut       #.......     85%         4    #####..
 Blade Hands              Tmut           #.........   95%         5    ######.


Dungeon Overview and Level Annotations

Branches:
Dungeon (2/15)

Altars:


Innate Abilities, Weirdness & Mutations

Your plain brown scales are hard. (AC +5)
You cannot fit into any form of body armour.
You are cold-blooded and may be slowed by cold attacks.


Message History

There is a lethal amount of poison in your body!
There is a lethal amount of poison in your body!
There is a lethal amount of poison in your body!
There is a lethal amount of poison in your body!
* * * LOW HITPOINT WARNING * * *
You feel sick.
* * * LOW HITPOINT WARNING * * *
You feel sick.
Found 11 gold pieces.
You see here a ration.
A giant cockroach comes into view.
* * * LOW HITPOINT WARNING * * *
You feel sick.
A giant cockroach comes into view.
Your talons disappear.
* * * LOW HITPOINT WARNING * * *
You feel sick.
* * * LOW HITPOINT WARNING * * *
You feel sick.
You die...

# #(# ##.# ##..? #.#
#.. .$..###.######.#
#.....%.......#
....##..###.##.#
##.# #.........
#.###.#.......
♣P≈♣≈##.##.s..######
♣≈≈P≈≈@...#..#
≈≈≈P≈≈Ps##...## ≈
♣≈P♣≈≈≈♣###.## ≈
≈P≈≈≈≈P .# ≈≈≈≈≈≈≈
.. ≈≈PPP≈≈ .##
≈≈≈≈≈≈≈ .# ≈≈PP≈≈≈


You could see 2 giant cockroaches.

Vanquished Creatures
  An adder (D:2)
  A dart slug (D:1)
  2 giant cockroaches
  7 goblins
  10 hobgoblins
  6 bats
  A frilled lizard (D:1)
  6 kobolds (D:1)
  4 rats (D:1)
38 creatures vanquished.

Notes
Turn   | Place    | Note
-------+----------+-------------------------------------------
     0 | D:1      | kae the Draconian Transmuter began the quest for the Orb.
     0 | D:1      | Reached XP level 1. HP: 16/16 MP: 3/3
    61 | D:1      | Reached XP level 2. HP: 21/23 MP: 3/5
   578 | D:1      | Reached XP level 3. HP: 11/28 MP: 4/6
  1253 | D:2      | HP: 1/28 [poisoned by an adder]
  1257 | D:2      | Succumbed to an adder's poison

Levels and vault maps discovered:
D:1:      dpeg_arrival_shelter, layout_basic, minmay_tromino_v4_b
D:2:      layout_loops_ring, minmay_misc_feat_chi, serial_bayou_lake_a

Action                   || total
-------------------------++-------
Melee: Unarmed           ||    63
       Kick              ||    10
       Headbutt          ||     8
       Short sword       ||    59
       Tailslap          ||     5
       Punch             ||     1
 Cast: Beastly Appendage ||    19
  Use: Scroll            ||     4
       Potion            ||     1
 Stab: Sleeping          ||     1
  Eat: Chunk             ||     1
Armor: Skin              ||    50
Dodge: Dodged            ||    88

Table legend:
 A = Non-vault XP
 B = Vault XP
 C = Vault XP percentage of total XP
 D = Non-vault monster count
 E = Vault monster count
 F = Vault count percentage of total count
                 A         B        C        D         E       F
            +---------+---------+-------+---------+---------+-------
      Total |      69 |       5 |   6.8 |      35 |       3 |   7.9
            +---------+---------+-------+---------+---------+-------
        D:1 |      43 |       5 |  10.4 |      26 |       3 |  10.3
        D:2 |      26 |       0 |   0.0 |       9 |       0 |   0.0
            +---------+---------+-------+---------+---------+-------
